 Dungeon Crawl Stone Soup version 0.31.0-32-g396128a36d (webtiles) character file.

Game seed: 3281047169958220656

1102 Doomgape the Covered (level 8, -1/51 HPs)
             Began as a Gargoyle Fighter on Apr 3, 2024.
             Was a Believer of Okawaru.
             Slain by an orc
             ... wielding a +0 flail
              (5 damage)
             ... on level 6 of the Dungeon on Apr 4, 2024.
             The game lasted 00:16:08 (4191 turns).

Doomgape the Covered (Gargoyle Fighter)             Turns: 4191, Time: 00:16:08

Health: -1/51      AC: 15    Str: 28    XL:     8   Next: 32%
Magic:  8/8        EV:  8    Int:  9    God:    Okawaru [**....]
Gold:   339        SH:  5    Dex:  9    Spells: 7/7 levels left

rFire   . . .        p - +4 mace "Xycuaqa" {freeze, rPois rC++ Will- rCorr}
rCold   + + .        c - +0 buckler
rNeg    + . .        n - +0 chain mail
rPois   ∞            (no helmet)
rElec   +            (no cloak)
rCorr   +            (no gloves)
SInv    .            (no boots)
Will    .....        (no amulet) Stlth
                     k - +6 ring of strength
HPRegen 0.28/turn    (no ring)
MPRegen 0.11/turn

%: no passive effects
@: no status effects
A: sickness immunity, AC +5, negative energy resistance 1, electricity
resistance, torment resistance 1, petrification resistance
a: Renounce Religion, Heroism


You were on level 6 of the Dungeon.
You worshipped Okawaru.
Okawaru was pleased with you.
You visited 2 branches of the dungeon, and saw 7 of its levels.

You collected 339 gold pieces.

Inventory:

Hand Weapons
 a - a +0 flail of protection
 p - the +4 mace "Xycuaqa" (weapon) {freeze, rPois rC++ Will- rCorr}
   (You found it on level 4 of the Dungeon)

   rC++:      It greatly protects you from cold.
   rPois:     It protects you from poison Will-: It decreases your willpower.
   rCorr:     It protects you from acid and corrosion.
Missiles
 s - a throwing net (quivered)
Armour
 c - a +0 buckler (worn)
 n - a +0 chain mail (worn)
Jewellery
 k - a +6 ring of strength (left hand)
 r - a ring of flight
Wands
 u - a wand of paralysis (2)
Scrolls
 b - a scroll of fog {unknown}
 f - 3 scrolls of vulnerability
 g - 3 scrolls of identify
 h - 2 scrolls of revelation
 i - a scroll of silence
 j - a scroll of fear {unknown}
 o - a scroll of acquirement {unknown}
 q - a scroll of enchant weapon {unknown}
 v - a scroll of torment {unknown}
Potions
 d - a potion of might
 e - 2 potions of heal wounds
 l - 4 potions of curing
 m - a potion of attraction {unknown}
 t - a potion of enlightenment {unknown}


   Skills:
 + Level 6.1 Fighting
 + Level 5.1 Maces & Flails
 + Level 6.2 Armour
 + Level 6.1 Shields


You had 7 spell levels left.
You didn't know any spells.
Your spell library contained the following spells:

 Spells                   Type           Power      Damage    Failure   Level
 Apportation              Tloc           0%         N/A       88%         1
 Kiss of Death            Conj/Necr      0%         2d5       88%         1
 Jinxbite                 Hex            0%         N/A       96%         2
 Confusing Touch          Hex            0%         N/A       99%         3
 Dispel Undead            Necr           0%         3d6       100%        4
 Ignite Poison            Fire/Alch      0%         N/A       100%        4
 Sticky Flame             Fire/Alch      0%         2d4       100%        4
 Alistair's Intoxication  Alch           0%         N/A       100%        5
 Ignition                 Fire           0%         3d3       100%        8


Dungeon Overview and Level Annotations

Branches:
Dungeon (6/15)             Temple (1/1) D:4

Altars:
Ashenzari
Elyvilon
Fedhas
Gozag
Hepliaklqana
Kikubaaqudgha
Makhleb
Nemelex Xobeh
Okawaru
Qazlal
Ru
Sif Muna
Trog
Uskayaw
Wu Jian
Xom
Yredelemnul
Zin
The Shining One

Annotations:
D:5 3 runed translucent doors, anver83's ghost, novice FoSh


Innate Abilities, Weirdness & Mutations

You are immune to sickness and miasma.
Your stone body is resilient. (AC +5)
You are immune to poison.
You resist negative energy. (rN+)
You are resistant to electric shocks. (rElec)
You are resistant to unholy torment.
You are immune to petrification.


Message History

The orc warrior hits you from afar with a +0 halberd.
The orc warrior hits you with a +0 halberd.
Things that are here:
a +0 whip; a kobold corpse You hit the orc warrior.
You freeze the orc warrior.
The orc warrior is lightly wounded.
The orc warrior hits you with a +0 halberd.
An orc comes into view. It is wielding a +0 flail.
The orc shouts!
You thump the orc warrior! You freeze the orc warrior.
The orc warrior is almost dead.
The orc warrior barely misses you.
You hit the orc warrior but do no damage.
The orc warrior is almost dead.
The orc warrior closely misses you.
You barely miss the orc warrior.
The orc warrior is almost dead.
The orc warrior hits you with a +0 halberd.
You hit the orc warrior but do no damage.
The orc warrior is almost dead.
The orc warrior hits you with a +0 halberd.
You hit the orc warrior. You freeze the orc warrior.
The orc warrior is almost dead.
You block the orc warrior's attack.
The orc warrior hits you with a +0 halberd!
You block the orc's attack.
You hit the orc warrior but do no damage.
The orc warrior is almost dead.
The orc warrior hits you with a +0 halberd!
* * * LOW HITPOINT WARNING * * *
The orc barely misses you.
You closely miss the orc warrior.
The orc warrior is almost dead.
You block the orc warrior's attack. You block the orc's attack.
Unknown command.
You barely miss the orc.
The orc warrior hits you with a +0 halberd.
* * * LOW HITPOINT WARNING * * *
The orc hits you with a +0 flail.
You die...

..............#
............?.#
..............#
.o............#
...o...........
......#oo...###
###...#o##..#
###.#o# ..#
#.#@# .# #.#o#
# #.#.# #...##
##...# ##..#
#..# #..# #..#


You could see an orc warrior and 4 orcs.

Vanquished Creatures
  Sigmund (D:5)
  A black bear (D:5)
  2 phantoms
  A kobold brigand (D:6)
  3 scorpions (D:5)
  A bombardier beetle (D:5)
  A hound (D:4)
  A sleepcap (D:5)
  A gnoll bouda (D:5)
  Natasha (D:4)
  3 iguanas
  An orc wizard (D:4)
  9 adders
  4 gnolls
  2 white imps
  2 dart slugs
  10 orcs
  5 ball pythons
  4 endoplasms
  4 giant cockroaches
  13 goblins
  2 hobgoblins (D:1)
  3 jackals (D:4)
  8 kobolds
  A quokka (D:4)
  2 bats
  2 frilled lizards
  2 rats (D:1)
90 creatures vanquished.

Notes
Turn   | Place    | Note
-------+----------+-------------------------------------------
     0 | D:1      | Doomgape the Gargoyle Fighter began the quest for the Orb.
     0 | D:1      | Reached XP level 1. HP: 14/14 MP: 1/1
   186 | D:1      | Reached XP level 2. HP: 19/19 MP: 2/2
   432 | D:1      | Reached XP level 3. HP: 23/23 MP: 3/3
   994 | D:2      | Found an iron altar of Okawaru.
  1012 | D:2      | You fall into a shaft and drop 1 floor!
  1019 | D:3      | Found a hide-covered altar of Uskayaw.
  1019 | D:3      | Found a hazy altar of Hepliaklqana.
  1020 | D:3      | Found a bloodstained altar of Trog.
  1109 | D:3      | Reached XP level 4. HP: 29/29 MP: 4/4
  1282 | D:3      | Found a faded altar of an unknown god.
  1579 | D:3      | Reached XP level 5. HP: 27/33 MP: 5/5
  2217 | D:4      | Reached XP level 6. HP: 39/39 MP: 6/6
  2279 | D:4      | Found a staircase to the Ecumenical Temple.
  2293 | Temple   | Entered the Ecumenical Temple
  2731 | Temple   | Became a worshipper of Warmaster Okawaru
  2817 | D:4      | Found a glowing golden altar of the Shining One.
  2831 | D:4      | Identified the +4 mace "Xycuaqa" {freeze, rPois rC++ Will-
                  | rCorr}
  2907 | D:4      | Found a sacrificial altar of Ru.
  3123 | D:4      | Noticed Natasha
  3130 | D:4      | Killed Natasha
  3234 | D:5      | Entered Level 5 of the Dungeon
  3245 | D:5      | Reached skill level 5 in Fighting
  3245 | D:5      | Reached skill level 5 in Armour
  3245 | D:5      | Reached skill level 5 in Shields
  3255 | D:5      | Reached XP level 7. HP: 41/44 MP: 7/7
  3310 | D:5      | Reached * piety under Okawaru
  3858 | D:5      | Reached ** piety under Okawaru
  3859 | D:5      | Found a runed translucent gate.
  3859 | D:5      | Found a runed translucent gate.
  3859 | D:5      | Found a runed translucent gate.
  3871 | D:5      | Noticed anver83's ghost (novice FoSh)
  3889 | D:5      | Noticed Sigmund
  3897 | D:5      | Killed Sigmund
  3898 | D:5      | Reached skill level 5 in Maces & Flails
  3898 | D:5      | Reached XP level 8. HP: 51/51 MP: 8/8
  4191 | D:6      | Slain by an orc

Illustrated notes

Levels and vault maps discovered:
D:1:      co_arrival_random_square_maze, layout_basic, serial_forest,
          infiniplex_forest_3_way, infiniplex_forest_straight_5,
          infiniplex_forest_corner_2, infiniplex_forest_lined_room_2,
          infiniplex_forest_zigzag_1, infiniplex_forest_end_1,
          infiniplex_forest_clump_long
D:2:      layout_basic, basic_altar, nicolae_concentric_dashed_squares_mild,
          st_stairs_13, kennysheep_generic_room_7
D:3:      layout_loops_ring, gammafunk_temple_overflow_forgotten,
          shapermc_ecumenical_altar_flowoftime
D:4:      layout_loops_ring, nicolae_tso_carved_into_rock,
          nicolae_ru_the_path_less_chosen, minmay_temple_entry_glassed_door,
          uniq_natasha
D:5:      layout_loops_ring, biasface_ghost_orc_armoury, uniq_sigmund
D:6:      layout_rooms, gammafunk_temple_overflow_pools,
          nicolae_ossuary_entry_monument, serial_curves, eino_curves_04,
          eino_curves_03
Temple:   nicolae_temple_great_sept

Skill      XL: |  1  2  3  4  5  6  7 |
---------------+----------------------+-----
Fighting       | 4 5 6 |  6.1
Armour         | 4 5 6 |  6.2
Shields        | 4 5 6 |  6.1
Maces & Flails | 3 4 5 |  5.1

Action                     |  1- 3 |  4- 6 |  7- 9 || total
---------------------------+-------+-------+-------++-------
  Melee: Flail             |   121 |   171 |       ||   292
         Mace              |       |    36 |    69 ||   105
  Evoke: Wand              |       |       |     1 ||     1
    Use: Scroll            |     3 |     5 |       ||     8
         Potion            |       |       |     1 ||     1
   Stab: Paralysed         |       |       |     4 ||     4
 Armour: Scale mail        |    72 |    19 |       ||    91
         Chain mail        |       |   147 |    60 ||   207
  Dodge: Dodged            |    39 |    73 |    28 ||   140
  Block: Buckler           |    19 |    41 |    10 ||    70
